 Dungeon Crawl Stone Soup version 0.31-a0-640-g39d97e502b (webtiles) character file.

Game seed: 5688537127544081433

1011 Babbit the Slasher (level 8, -3/62 HPs)
             Began as a Barachi Reaver on Aug 27, 2023.
             Was an Initiate of Gozag.
             Slain by a worm (5 damage)
             ... on level 5 of the Dungeon.
             The game lasted 00:33:21 (4784 turns).

Babbit the Slasher (Barachi Reaver)                 Turns: 4784, Time: 00:33:22

Health: -3/62      AC: -1    Str: 16    XL:     8   Next: 21%
Magic:  0/11       EV: 13    Int: 19    God:    Gozag
Gold:   211        SH:  0    Dex: 11    Spells: 10/11 levels left

rFire   . . .        a - +0 falchion
rCold   . . .        (no shield)
rNeg    . . .        b - +0 leather armour
rPois   .            o - +0 helmet
rElec   .            s - +2 cloak
rCorr   .            B - +0 pair of gloves
SInv    .            n - +0 pair of boots
Will    .....        r - amulet of guardian spirit
Stlth   +            y - +6 ring of intelligence
HPRegen 0.30/turn    (no ring)
MPRegen 0.12/turn

%: guardian spirit
@: corroded, slow
A: amphibious, slowness 1, strong legs 1, +LOS
a: Hop, Renounce Religion, Potion Petition, Call Merchant, Bribe Branch


You were on level 5 of the Dungeon.
You worshipped Gozag.
Gozag was aware of your devotion.
You visited 1 branch of the dungeon, and saw 5 of its levels.

You collected 267 gold pieces.
You paid 56 gold pieces to Gozag.

Inventory:

Hand Weapons
 a - a +0 falchion (weapon)
Armour
 b - a +0 leather armour (worn)
 n - a +0 pair of boots (worn)
 o - a +0 helmet (worn)
 s - a +2 cloak (worn)
 B - a +0 pair of gloves (worn)
Jewellery
 r - an amulet of guardian spirit (around neck)
 y - a +6 ring of intelligence (left hand)
Wands
 u - a wand of polymorph (7)
Scrolls
 c - a scroll of enchant armour {unknown}
 d - a scroll of amnesia
 e - a scroll of revelation
 f - a scroll of poison {unknown}
 g - a scroll of fog {unknown}
 j - a scroll of fear {unknown}
 m - 2 scrolls of teleportation
 w - a scroll of brand weapon {unknown}
 x - a scroll of silence {unknown}
Potions
 h - a potion of invisibility {unknown}
 i - a potion of ambrosia
 k - a potion of haste
 p - a potion of enlightenment {unknown}
 q - a potion of curing {unknown}
 t - 2 potions of lignification
 v - a potion of magic {unknown}
 z - a potion of mutation {unknown}
 A - a potion of resistance {unknown}
 C - a potion of attraction {unknown}


   Skills:
 + Level 5.1 Fighting
 + Level 7.8 Long Blades
 + Level 4.0 Armour
 + Level 5.1 Dodging
 + Level 1.0 Stealth
 + Level 2.4 Spellcasting
 + Level 3.7 Conjurations


You had 10 spell levels left.
You knew the following spells:

 Your Spells              Type           Power      Damage    Failure   Level
a - Kiss of Death         Conj/Necr      36%        2d8       9%          1

Your spell library contained the following spells:

 Spells                   Type           Power      Damage    Failure   Level
 Momentum Strike          Conj/Tloc      18%        3d8       13%         2
 Sandblast                Erth           4%         2d4       19%         1
 Hailstorm                Conj/Ice       9%         3d4       26%         3
 Stone Arrow              Conj/Erth      18%        3d8       26%         3
 Passwall                 Tmut/Erth      1%         N/A       28%         2
 Vhi's Electric Charge    Tloc/Air       4%         N/A       88%         4
 Arcjolt                  Conj/Air       4%         1d14      94%         5
 Plasma Beam              Fire/Air       1%         2x1d11    100%        6


Dungeon Overview and Level Annotations

Branches:
Dungeon (5/15)
 Temple: D:4-7

Altars:
Fedhas
Gozag
Yredelemnul
The Shining One

Shops:
D:4 *


Innate Abilities, Weirdness & Mutations

You are amphibious.
You cover ground slowly.
You can hop short distances.
You have an extended range of vision and can be seen from far away.


Message History

The jelly is lightly wounded.
The jelly barely misses you.
You slash the jelly!
Your hands burn!
The jelly is severely wounded.
The jelly misses you.
You hit the jelly. The acid corrodes you!
Your hands burn!
The jelly is severely wounded.
The jelly hits you but does no damage.
You hit the jelly but do no damage.
Your hands burn!
The jelly is severely wounded.
You hit the jelly.
Your hands burn!
The jelly is severely wounded.
The jelly closely misses you.
You barely miss the jelly.
The jelly is severely wounded.
The jelly hits you. The acid corrodes you!
You are splashed with acid!
Okay, then.
As you read the scroll of teleportation, it crumbles to dust.
You feel strangely unstable. The jelly closely misses you.
The jelly attacks as it pursues you! The jelly hits you.
* * * LOW HITPOINT WARNING * * *
You are splashed with acid!
* * * LOW HITPOINT WARNING * * *
Your surroundings suddenly seem different.
An orc, an ufetubus and a worm come into view.
Found a ring mail.
Found two stone staircases leading up.
The ufetubus shouts!
The ufetubus misses you. The ufetubus hits you.
* * * LOW HITPOINT WARNING * * *
The worm closely misses you.
You hit the ufetubus.
The ufetubus is severely wounded.
The ufetubus completely misses you. The ufetubus closely misses you.
You closely miss the ufetubus.
The ufetubus is severely wounded.
The ufetubus hits you.
* * * LOW HITPOINT WARNING * * *
The ufetubus misses you. The worm bites you.
You die...
Your body crumbles into a pile of gold.

#...............
#..........<....
#............[..
#...............
#..........o....
#...............
#............
#.........#
#......@..#
#......5w.#
##.......##
##.....##
#######


You could see a worm, an orc and an ufetubus.

Vanquished Creatures
  The ghost of jlumianski the Magician, an amateur DjFE of Makhleb (D:4)
  Menkaure (D:5)
  A water moccasin (D:5)
  A black bear (D:5)
  An ogre (D:4)
  A bullfrog (D:4)
  2 scorpions (D:4)
  A howler monkey (D:4)
  Crazy Yiuf (D:3)
  An iguana (D:5)
  An orc wizard (D:3)
  A howler monkey zombie (D:4)
  Robin (D:2)
  4 gnolls
  5 adders
  An adder zombie (D:4)
  A dart slug (D:4)
  4 orcs
  A ball python (D:1)
  4 bats
  8 endoplasms
  2 giant cockroaches
  10 goblins
  9 hobgoblins
  11 jackals
  7 kobolds
  3 quokkas
  3 frilled lizards (D:1)
  6 rats
93 creatures vanquished.

Notes
Turn   | Place    | Note
-------+----------+-------------------------------------------
     0 | D:1      | Babbit the Barachi Reaver began the quest for the Orb.
     0 | D:1      | Reached XP level 1. HP: 17/17 MP: 3/3
    84 | D:1      | Reached XP level 2. HP: 19/21 MP: 3/5
  1341 | D:2      | Reached XP level 3. HP: 28/28 MP: 6/6
  1376 | D:2      | Noticed Robin
  1386 | D:2      | Reached skill level 4 in Long Blades
  1392 | D:2      | Reached skill level 1 in Armour
  1401 | D:2      | Killed Robin
  1409 | D:2      | Reached XP level 4. HP: 11/31 MP: 7/7
  2161 | D:3      | Found a glowing golden altar of the Shining One.
  2377 | D:3      | Found a faded altar of an unknown god.
  2532 | D:3      | Found a runed translucent door.
  2533 | D:3      | Noticed Crazy Yiuf
  2544 | D:3      | Killed Crazy Yiuf
  2545 | D:3      | Reached skill level 5 in Long Blades
  2545 | D:3      | Reached XP level 5. HP: 26/40 MP: 6/8
  2649 | D:3      | Found a blossoming altar of Fedhas.
  2785 | D:4      | Noticed an ogre
  2802 | D:4      | HP: 1/40 [ogre/+0 giant club (11)]
  2805 | D:4      | Killed an ogre
  3096 | D:3      | Reached XP level 6. HP: 36/47 MP: 6/9
  3688 | D:4      | Reached skill level 6 in Long Blades
  3688 | D:4      | Reached XP level 7. HP: 23/49 MP: 6/10
  4123 | D:4      | Found an opulent altar of Gozag.
  4130 | D:4      | Found Gozag's Platinum Reserve.
  4144 | D:4      | Became a worshipper of Gozag Ym Sagoz the Greedy
  4162 | D:4      | Noticed jlumianski's ghost (amateur DjFE)
  4163 | D:4      | Found a runed translucent gate.
  4163 | D:4      | Found a runed translucent gate.
  4164 | D:4      | Found a runed translucent gate.
  4169 | D:4      | Found a basalt altar of Yredelemnul.
  4224 | D:4      | Killed jlumianski's ghost
  4343 | D:5      | Entered Level 5 of the Dungeon
  4364 | D:5      | Noticed Menkaure
  4380 | D:5      | Killed Menkaure
  4381 | D:5      | Reached skill level 7 in Long Blades
  4381 | D:5      | Reached skill level 1 in Stealth
  4527 | D:5      | Reached skill level 5 in Dodging
  4527 | D:5      | Reached XP level 8. HP: 13/61 MP: 4/11
  4771 | D:5      | Reached skill level 5 in Fighting
  4784 | D:5      | HP: 2/62 [ufetubus (2)]
  4784 | D:5      | Slain by a worm

Illustrated notes

Levels and vault maps discovered:
D:1:      moated_graveyard_arrival, layout_basic, serial_forest,
          infiniplex_forest_clump_small, infiniplex_forest_lined_4_way,
          infiniplex_forest_straight_3, infiniplex_forest_lined_room_2,
          infiniplex_forest_straight_5, infiniplex_forest_straight_3,
          infiniplex_forest_end_double, minmay_tromino_i2
D:2:      layout_basic, roderic_serpentine_path, minmay_misc_feat_secret_circle,
          chequers_serial_rivers_small_3, nicolae_titane, uniq_robin
D:3:      layout_rooms, lemuel_tele_altar, lemuel_doored_altar,
          nicolae_ecumenical_pavilion, grunt_decor_mini_mirrors,
          bh_walls_and_bars, uniq_crazy_yiuf_cottage
D:4:      layout_rooms, nicolae_yredelemnul_ghost_church,
          nicolae_gozag_zags_fifth_avenue, solitary_fountain,
          kennysheep_generic_room_12
D:5:      layout_rooms, serial_shops, nicolae_shop_waterfront, uniq_menkaure

Skill      XL: |  1  2  3  4  5  6  7  8 |
---------------+-------------------------+-----
Long Blades    | 4 5 6 7 |  7.8
Armour         | 1 2 3 4 |  4.0
Dodging        | 3 4 5 |  5.1
Fighting       | 3 4 5 |  5.1
Stealth        | 1 |  1.0
Spellcasting   | |  2.4
Conjurations   | |  3.7

Action                     |  1- 3 |  4- 6 |  7- 9 || total
---------------------------+-------+-------+-------++-------
  Melee: Falchion          |    78 |   252 |   140 ||   470
         Punch             |     1 |     5 |     1 ||     7
   Cast: Kiss of Death     |     2 |     1 |       ||     3
Ability: Hop               |       |       |     1 ||     1
    Use: Scroll            |     1 |     3 |     4 ||     8
         Potion            |     1 |     1 |     4 ||     6
 Armour: Leather armour    |    15 |   114 |    46 ||   175
         Skin              |       |       |    12 ||    12
  Dodge: Dodged            |    49 |   167 |    76 ||   292

Table legend: (Time is in decaauts)
 A = Elapsed time spent in this place.
 B = Non-inter-level travel time spent in this place.
 C = Inter-level travel time spent in this place.
 D = Time resting spent in this place.
 E = Time spent auto-exploring this place.
 F = Levels seen in this place.
 G = Mean time per level.
                   A        B        C        D        E       F      G
               +--------+--------+--------+--------+--------+-----+--------+
         Total |   5284 |   5086 |    198 |   1273 |   2701 |   5 | 1056.8 |
       Dungeon |   5284 |   5086 |    198 |   1273 |   2701 |   5 | 1056.8 |
               +--------+--------+--------+--------+--------+-----+--------+

Top non-repeatable levels by time:
     D:1: 1350 daAuts
     D:4: 1299 daAuts
     D:2: 1146 daAuts
     D:3: 1053 daAuts
     D:5: 435 daAuts
